 Dungeon Crawl Stone Soup version 0.26.0-18-gc5c842f807 (webtiles) character file.

Game seed: 15637942649503112355

7420 kaeus the Arsonist (level 11, -13/60 HPs)
             Began as a Gargoyle Fire Elementalist on Jan 22, 2021.
             Was a Priest of the Shining One.
             Mangled by a boulder beetle (23 damage)
             ... on level 1 of the Lair of Beasts.
             The game lasted 00:28:17 (12966 turns).

kaeus the Arsonist (Gargoyle Fire Elementalist)    Turns: 12966, Time: 00:28:18

Health: -13/60     AC: 11    Str: 12    XL:     11   Next: 15%
Magic:  16/21      EV: 13    Int: 24    God:    the Shining One [***...]
Gold:   238        SH:  0    Dex: 16    Spells: 14/23 levels left

rFire    + . .     SeeInvis .   z - +9 scimitar "Xemm" {vorpal, rPois rC- rN+ Int+5}
rCold    . . .     Faith    .   (no shield)
rNeg     + + +     Spirit   .   l - +0 leather armour
rPois    ∞         Reflect  .   C - -2 hat of the Alchemist {rElec rPois rF+ rC+ rN+ Will+ rMut rCorr}
rElec    +         Harm     .   m - +0 cloak
rCorr    +         Rampage  .   (no gloves)
rMut     +                      a - +0 pair of boots
Will     +....                  e - amulet of regeneration
Stlth    +.........             t - +6 ring of dexterity
HPRegen  0.60/turn              (no ring)
MPRegen  0.17/turn

@: glowing
A: negative energy resistance 1, electricity resistance, unbreathing,
petrification resistance, miasma immunity, AC +8
a: Renounce Religion, Divine Shield


You were on level 1 of the Lair of Beasts.
You worshipped the Shining One.
The Shining One was most pleased with you.
You visited 3 branches of the dungeon, and saw 12 of its levels.

You collected 655 gold pieces.
You spent 417 gold pieces at shops.

Inventory:

Hand Weapons
 z - the +9 scimitar "Xemm" (weapon) {vorpal, rPois rC- rN+ Int+5}
   (You bought it in a shop on level 5 of the Dungeon)

   It inflicts extra damage upon your enemies.
   It affects your intelligence (+5).
   It makes you vulnerable to cold.
   It protects you from poison.
   It protects you from negative energy.
Armour
 a - a +0 pair of boots (worn)
 l - a +0 leather armour (worn)
 m - a +0 cloak (worn)
 r - a +2 hat
 C - the -2 hat of the Alchemist (worn) {rElec rPois rF+ rC+ rN+ Will+ rMut rCorr}
   (You found it on level 5 of the Dungeon)

   It protects you from fire.
   It protects you from cold.
   It insulates you from electricity.
   It protects you from poison.
   It protects you from negative energy.
   It affects your willpower, your defense against some magical effects.
   It provides partial protection from all sources of acid and corrosion.
   It protects you from mutation.
 E - a +1 robe of willpower
Jewellery
 e - an amulet of regeneration (around neck)
 f - an uncursed amulet of the acrobat
 t - a +6 ring of dexterity (left hand)
Wands
 o - a wand of paralysis (6)
 x - a wand of digging (14)
 H - a wand of flame (18)
 I - a wand of enslavement (11)
Scrolls
 b - 3 scrolls of fog
 d - 7 scrolls of remove curse
 g - 3 scrolls of amnesia
 i - 2 scrolls of enchant weapon
 j - a scroll of teleportation
 n - a scroll of random uselessness
 q - 3 scrolls of fear
 A - 3 scrolls of immolation
 D - 4 scrolls of identify
Potions
 c - a potion of berserk rage {unknown}
 k - 7 potions of flight
 p - 6 potions of curing
 u - 3 potions of magic {unknown}
 v - 3 potions of mutation {unknown}
 w - 2 potions of might {unknown}
 F - a potion of degeneration {unknown}
 G - a potion of lignification {unknown}
 J - a potion of haste {unknown}


   Skills:
 + Level 3.1 Fighting
 + Level 2.5 Long Blades
 + Level 4.1 Armour
 + Level 3.0 Dodging
 - Level 2.1 Stealth
 + Level 6.9 Spellcasting
 + Level 7.9 Conjurations
 - Level 4.0 Hexes
 + Level 10.2 Fire Magic
 + Level 2.2 Air Magic
 + Level 0.2 Invocations
 - Level 2.4 Evocations


You had 14 spell levels left.
You knew the following spells:

 Your Spells              Type           Power        Failure   Level
a - Foxfire               Conj/Fire      100%         1%          1
b - Fireball              Conj/Fire      25%          6%          5
c - Inner Flame           Hex/Fire       42%          1%          3

Your spell library contained the following spells:

 Spells                   Type           Power        Failure   Level
 Corona                   Hex            30%          1%          1
 Conjure Flame            Conj/Fire      51%          1%          3
 Dazzling Flash           Conj/Hex       74%          2%          3
 Sticky Flame             Conj/Fire      51%          2%          4
 Confusing Touch          Hex            27%          5%          3
 Tukima's Dance           Hex            27%          5%          3
 Ensorcelled Hibernation  Hex/Ice        34%          6%          2


Dungeon Overview and Level Annotations

Branches:
Dungeon (10/15)            Temple (1/1) D:6            Lair (1/6) D:8
    Orc (0/2) D:9

Altars:
Ashenzari
Cheibriados
Dithmenos
Elyvilon
Fedhas
Gozag
Hepliaklqana
Kikubaaqudgha
Makhleb
Nemelex Xobeh
Okawaru
Qazlal
Ru
Sif Muna
Trog
Uskayaw
Vehumet
Wu Jian
Xom
Yredelemnul
Zin
The Shining One

Shops:
D:5 [((   D:6 !   D:7 !

Annotations:
D:10 Fannar, Urug
Lair:1 exclusion: oklob plant


Innate Abilities, Weirdness & Mutations

You are resistant to torment.
Your stone body is resilient. (AC +8)
You are immune to poison.
You resist negative energy. (rN+)
You are resistant to electric shocks. (rElec)
You can survive without breathing.
You are immune to petrification.
You are immune to miasma.


Message History

Press: ? - help, Shift-Dir - straight line The fireball explodes!
The fireball engulfs the boulder beetle.
The boulder beetle is moderately wounded.
The boulder beetle bites you!
You take 7 damage, and have 32/60 hp.
You now have 16/21 mp.
Press: ? - help, v - describe, . - travel
Here: a boulder beetle (moderately wounded, haloed)
The floor.
A boulder beetle is nearby!
Press: ? - help, v - describe, . - travel
Here: a boulder beetle (moderately wounded, haloed)
The floor.
You completely miss the boulder beetle.
The boulder beetle is moderately wounded.
The boulder beetle bites you! The boulder beetle bites you!!
* * * LOW HITPOINT WARNING * * *
You take 30 damage, and have 2/60 hp.
MASSIVE DAMAGE!!
You feel better. The boulder beetle bites you!!
You die...

._ ..+≈≈≈≈.>≈≈≈≈≈.........
.≈.≈ ≈...≈≈≈≈.≈≈≈≈..........
≈.≈.≈##..≈≈≈≈≈≈≈≈≈..........
.....#....≈≈≈≈≈≈≈≈..........
...........≈≈≈≈≈≈≈......†...
..$.........≈..............
.##.#.#.##....###'###P.†....
..............# #.# ##......
.+.......#.@..###.###P......
.#.......#.B..##...###..>...
.........#....#.#..###......
.#.......#....'.....##......
#.......#.....#######......
#.......#....########......
####.###.....###P#.#.......
..........................
.###############..########


You could see a boulder beetle.

Vanquished Creatures
  A two-headed ogre (D:9)
  Psyche (D:9)
  A hornet (D:9)
  Prince Ribbit (D:5)
  Duvessa (D:6)
  2 water moccasins
  3 orc warriors
  A sky beast (D:8)
  3 ice beasts
  2 black bears (D:8)
  A necrophage (D:8)
  A phantom (D:9)
  An eye of draining (D:9)
  4 ogres
  3 centaurs
  Blork the orc (D:4)
  8 bullfrogs
  Dowan (D:6)
  A wyvern zombie (D:10)
  A water moccasin zombie (D:10)
  6 scorpions
  A wyvern skeleton (D:9)
  18 killer bees (D:9)
  5 howler monkeys
  12 wights
  An electric eel (D:6)
  2 quasits
  4 hounds
  2 jellies
  2 centaur skeletons
  3 orc priests
  8 orc wizards
  2 bullfrog skeletons
  4 iguanas (D:8)
  Ijyb (D:4)
  Crazy Yiuf (D:3)
  Natasha (thrice) (D:3)
  7 worker ants
  A hound skeleton (D:10)
  A gnoll (D:3)
  A howler monkey skeleton (D:9)
  16 adders
  A worker ant zombie (D:5)
  3 shadow imps
  4 white imps
  An ufetubus (D:5)
  2 adder zombies
  6 worms
  A dart slug (D:3)
  10 leopard geckos
  24 orcs
  2 ball pythons
  6 giant cockroaches
  17 goblins
  11 hobgoblins
  A jackal (D:5)
  13 kobolds
  7 quokkas
  7 bats
  6 frilled lizards
  A quokka skeleton (D:4)
  11 rats
273 creatures vanquished.

Vanquished Creatures (collateral kills)
  11 foxfires (D:6)
11 creatures vanquished.

Vanquished Creatures (others)
  A quokka (D:4)
  806 foxfires
  12 fungi
  15 plants
834 creatures vanquished.

Grand Total: 1118 creatures vanquished

Notes
Turn   | Place    | Note
-------+----------+-------------------------------------------
     0 | D:1      | kaeus the Gargoyle Fire Elementalist began the quest for
                  | the Orb.
     0 | D:1      | Reached XP level 1. HP: 10/10 MP: 3/3
   444 | D:1      | Reached XP level 2. HP: 15/15 MP: 0/5
  1012 | D:1      | Reached skill level 1 in Armour
  1121 | D:1      | Reached XP level 3. HP: 19/19 MP: 0/6
  1202 | D:2      | Found a bloodstained altar of Trog.
  1571 | D:2      | Reached XP level 4. HP: 24/24 MP: 2/7
  1933 | D:2      | Found a shimmering blue altar of Sif Muna.
  2223 | D:2      | Reached skill level 4 in Fire Magic
  3176 | D:3      | Found a blossoming altar of Fedhas.
  3257 | D:3      | Reached XP level 5. HP: 28/28 MP: 4/9
  3432 | D:3      | Noticed Natasha
  3438 | D:3      | Killed Natasha
  3474 | D:3      | Noticed Natasha
  3478 | D:3      | Killed Natasha
  3674 | D:3      | Learned a level 5 spell: Fireball
  3678 | D:3      | Learned a level 3 spell: Inner Flame
  3689 | D:3      | Found a runed translucent door.
  3690 | D:3      | Noticed Crazy Yiuf
  3701 | D:3      | Killed Crazy Yiuf
  3912 | D:3      | Reached XP level 6. HP: 32/32 MP: 5/10
  3967 | D:3      | Noticed Natasha
  3975 | D:3      | Killed Natasha
  4745 | D:3      | Reached skill level 5 in Fire Magic
  4960 | D:4      | Found a broken altar of Ashenzari.
  4979 | D:4      | Reached skill level 1 in Hexes
  5047 | D:4      | Noticed Blork the orc
  5056 | D:4      | Killed Blork the orc
  5061 | D:4      | Reached XP level 7. HP: 28/36 MP: 2/12
  5447 | D:4      | Found a white marble altar of Elyvilon.
  5500 | D:4      | Noticed Ijyb
  5513 | D:4      | Killed Ijyb
  5582 | D:5      | Entered Level 5 of the Dungeon
  5611 | D:5      | Noticed Prince Ribbit
  5722 | D:5      | Found Hooll's Antique Weapon Emporium.
  5725 | D:5      | Bought a fine scimitar for 207 gold pieces
  5726 | D:5      | Identified the +9 scimitar "Xemm" {vorpal, rPois rC- rN+
                  | Int+5} (You bought it in a shop on level 5 of the Dungeon)
  5804 | D:5      | Found Rarchon's Antique Armour Emporium.
  5814 | D:5      | Found a radiant altar of Vehumet.
  5951 | D:5      | Reached skill level 6 in Fire Magic
  6064 | D:5      | Reached XP level 8. HP: 41/41 MP: 6/14
  6241 | D:5      | Killed Prince Ribbit
  6295 | D:5      | Found the -2 hat of the Alchemist {rElec rPois rF+ rC+ rN+
                  | Will+ rMut rCorr}
  6451 | D:5      | Found a sparkling altar of Nemelex Xobeh.
  6452 | D:5      | Found an opulent altar of Gozag.
  6494 | D:5      | Found Xuetieqy's Weapon Shoppe.
  6651 | D:5      | Reached skill level 7 in Fire Magic
  7149 | D:6      | Noticed Duvessa
  7149 | D:6      | Noticed Dowan
  7159 | D:6      | Killed Duvessa
  7160 | D:6      | Reached skill level 5 in Conjurations
  7163 | D:6      | Killed Dowan
  7278 | D:6      | Found Itsaeg's Distillery.
  7286 | D:6      | Bought a potion of curing for 36 gold pieces
  7286 | D:6      | Bought a potion of heal wounds for 60 gold pieces
  7286 | D:6      | Bought a potion of curing for 36 gold pieces
  7373 | D:6      | Found a staircase to the Ecumenical Temple.
  7396 | Temple   | Entered the Ecumenical Temple
  7467 | Temple   | Became a worshipper of the Shining One
  8036 | D:7      | Reached XP level 9. HP: 45/45 MP: 10/16
  8352 | D:7      | Found a snail-covered altar of Cheibriados.
  8362 | D:7      | Reached skill level 5 in Spellcasting
  8419 | D:7      | Found a burning altar of Makhleb.
  8465 | D:7      | Reached skill level 8 in Fire Magic
  9016 | D:7      | Found Wiasut Puby's Distillery.
  9021 | D:7      | Bought 2 potions of curing for 78 gold pieces
  9358 | D:8      | Reached skill level 9 in Fire Magic
  9522 | D:8      | Found an ancient bone altar of Kikubaaqudgha.
  9699 | D:8      | Found a glowing silver altar of Zin.
  9830 | D:8      | Reached XP level 10. HP: 50/50 MP: 13/19
  9929 | D:8      | Reached * piety under the Shining One
 10194 | D:8      | Found a staircase to the Lair.
 10626 | D:9      | Found a hide-covered altar of Uskayaw.
 10810 | D:9      | Found a staircase to the Orcish Mines.
 10875 | D:9      | Reached skill level 1 in Fighting
 10936 | D:9      | Reached skill level 1 in Long Blades
 10936 | D:9      | Reached skill level 1 in Air Magic
 10936 | D:9      | Reached skill level 1 in Evocations
 11162 | D:9      | Reached ** piety under the Shining One
 11261 | D:9      | Reached skill level 10 in Fire Magic
 11667 | D:9      | Noticed Psyche
 11678 | D:9      | Killed Psyche
 11811 | D:10     | Entered Level 10 of the Dungeon
 11843 | D:10     | Noticed a two-headed ogre
 11854 | D:9      | Killed a two-headed ogre
 11855 | D:9      | Reached XP level 11. HP: 42/59 MP: 15/21
 11898 | D:10     | Reached *** piety under the Shining One
 12046 | D:10     | Noticed Fannar
 12149 | D:10     | Noticed Urug
 12820 | Lair:1   | Entered Level 1 of the Lair of Beasts
 12863 | Lair:1   | Noticed an oklob plant
 12946 | Lair:1   | Found an ornate altar of the Wu Jian Council.
 12946 | Lair:1   | Noticed a boulder beetle
 12965 | Lair:1   | HP: 2/60 [boulder beetle (21)]
 12966 | Lair:1   | Mangled by a boulder beetle

Illustrated notes

Levels and vault maps discovered:
D:1:      tarquinn_simple_flora_water_f, layout_rooms, minmay_crystal_room
D:2:      layout_basic, old_standard_altar, led_sif_pool, dk_noncrumbling_3,
          minmay_goblin_outpost
D:3:      minmay_chambers_of_threes, layout_basic, general_overflow_altar,
          uniq_crazy_yiuf_cottage, uniq_natasha
D:4:      layout_cave_pools, elyvilon_altar_4, nicolae_ashenzari_panopticon,
          uniq_blork_the_orc, uniq_ijyb
D:5:      minmay_clustersquares, layout_loops_ring,
          grunt_temple_overflow_opulence, lemuel_crystal_altar, serial_shops,
          nicolae_shop_behind_doors, nicolae_shop_overgrown_old_shop,
          nicolae_shop_trees, uniq_prince_ribbit1
D:6:      layout_loops_ring, temple_doors_cd, serial_bayou, serial_bayou_ford_a,
          serial_bayou_pond_d, serial_bayou_pond_c, serial_bayou_pond_a,
          serial_bayou_crossing, serial_bayou_shore_b, serial_shops, shop,
          uniq_duvessa
D:7:      layout_gridville, minitemple, serial_shops, kennysheep_little_box
D:8:      layout_cave_pools, kiku_gazebo_pond_becter,
          grunt_lair_entry_orc_guard_hut, basic_altar, dk_rats_in_the_wall
D:9:      layout_roguey, old_standard_altar, orc_0_dummy, uniq_psyche
D:10:     layout_small_grid, chequers_garden, uniq_fannar, uniq_urug
Temple:   cyrus_temple_forest
Lair:1:   layout_regular_city, nzn_masters_of_martial_movement,
          grunt_megastairs_4, infiniplex_staircase_pool_2,
          minmay_lair_oklob_chamber

Skill      XL: |  1  2  3  4  5  6  7  8  9 10 11 |
---------------+----------------------------------+-----
Armour         | 1 2 3 4 |  4.1
Conjurations   | 2 3 4 5 6 7 |  7.9
Fire Magic     | 4 5 6 7 9 10 | 10.2
Spellcasting   | 3 4 6 |  6.9
Hexes          | 1 2 3 4 |  4.0
Fighting       | 2 3 |  3.1
Dodging        | 2 3 |  3.0
Long Blades    | 2 |  2.5
Air Magic      | 2 |  2.2
Evocations     | 2 |  2.4
Stealth        | |  2.1
Invocations    | |  0.2

Action                   |  1- 3 |  4- 6 |  7- 9 | 10-12 || total
-------------------------+-------+-------+-------+-------++-------
Melee: Unarmed           |    11 |       |       |       ||    11
       Dagger            |    10 |       |       |       ||    10
       Short sword       |     9 |    78 |       |       ||    87
       Mace              |       |    31 |    30 |       ||    61
       Scimitar          |       |       |    77 |   108 ||   185
 Cast: Foxfire           |    71 |   176 |   245 |    82 ||   574
       Fireball          |       |       |       |    17 ||    17
  Use: Scroll            |       |     6 |     7 |     5 ||    18
       Potion            |       |       |       |     5 ||     5
Armor: Robe              |     4 |       |       |       ||     4
       Leather armour    |     3 |    44 |    41 |    57 ||   145
Dodge: Dodged            |    23 |    67 |    77 |   136 ||   303
       Rpst.: Scimitar   |       |       |    15 |    40 ||    55
